 Dungeon Crawl Stone Soup version 0.25-a0-100-g33052ceff8 (console) character file.

Game seed: 12589039647255308748, levelgen mode: deterministic

13209 Kagalorn the Thaumaturge (level 12, -15/89 HPs)
             Began as a Gnoll Wizard on Nov 14, 2019.
             Was an Elder of Cheibriados.
             Killed from afar by an ice statue (17 damage)
             ... with a bolt of cold
             ... in an ice cave.
             The game lasted 00:56:05 (13485 turns).

Kagalorn the Thaumaturge (Gnoll Wizard)            Turns: 13485, Time: 00:56:06

Health: -15/89     AC: 12    Str: 20    XL:     12   Next: 3%
Magic:  23/25      EV: 17    Int: 35    God:    Cheibriados [****..]
Gold:   605        SH:  0    Dex: 24    Spells: 20/30 levels left

rFire    + . .     SeeInvis .   n - +2 long sword (holy)
rCold    + . .     Gourm    .   (no shield)
rNeg     . . .     Faith    .   r - +2 scale mail {rC+}
rPois    .         Spirit   .   b - +0 hat
rElec    .         Reflect  .   v - +0 cloak
rCorr    +         Harm     .   a - +0 pair of gloves {archery}
MR       .....                  (no boots)
Stlth    +++.......             (no amulet)
HPRegen  0.24/turn              p - ring of protection from fire
MPRegen  0.19/turn              A - ring of resist corrosion

@: very slow
A: distributed training, fangs 1, strong nose
a: Bend Time, Temporal Distortion, Slouch, Renounce Religion


You were in an ice cave.
You worshipped Cheibriados.
Cheibriados was greatly pleased with you.
You were hungry.

You visited 2 branches of the dungeon, and saw 13 of its levels.
You also visited: Ice Cave.

You collected 731 gold pieces.
You spent 126 gold pieces at shops.

Inventory:

Hand Weapons
 n - a +2 long sword of holy wrath (weapon)
 t - a +3 whip of venom
 u - a +4 quarterstaff of chaos
 J - a +0 shortbow
 K - a cursed +5 scimitar
 T - a +5 dagger
Missiles
 c - 359 stones
 f - 218 arrows
 j - 7 curare-tipped darts
 k - 121 sling bullets
 m - 72 bolts
 s - 34 poisoned darts (quivered)
 y - 3 javelins
 U - 4 throwing nets
Armour
 a - a +0 pair of gloves of archery (worn)
 b - a +0 hat (worn)
 r - a +2 scale mail of cold resistance (worn)
 v - a +0 cloak (worn)
Magical Staves
 H - an uncursed staff of conjuration
Jewellery
 p - a ring of protection from fire (left hand)
 w - an uncursed ring of protection from magic
 A - a ring of resist corrosion (right hand)
Wands
 i - a wand of polymorph (2)
 L - a wand of iceblast (7)
 Q - a wand of paralysis (15)
Scrolls
 g - 2 scrolls of enchant weapon
 h - 6 scrolls of teleportation
 l - 7 scrolls of remove curse
 o - 3 scrolls of amnesia
 E - a scroll of blinking
 M - a scroll of enchant armour
Potions
 z - 7 potions of curing
 B - 2 potions of flight
 C - a potion of agility
 F - 2 potions of ambrosia
 N - 3 potions of cancellation
 P - a potion of mutation
 R - a potion of heal wounds
 S - a potion of might
 V - a potion of lignification
 W - a potion of brilliance {unknown}
Miscellaneous
 G - a phantom mirror
 Y - a crystal ball of energy
Comestibles
 d - 21 rations


   Skills:
 + Level 6.7 Fighting
 + Level 6.7 Short Blades
 + Level 6.7 Long Blades
 + Level 6.7 Axes
 + Level 6.7 Maces & Flails
 + Level 6.7 Polearms
 + Level 6.7 Staves
 + Level 6.7 Slings
 + Level 6.7 Bows
 + Level 6.7 Crossbows
 + Level 6.7 Throwing
 + Level 6.7 Armour
 + Level 8.2 Dodging
 + Level 8.0 Stealth
 + Level 6.7 Shields
 + Level 6.7 Unarmed Combat
 + Level 9.8 Spellcasting
 + Level 6.0 Conjurations
 + Level 5.6 Hexes
 + Level 5.6 Charms
 + Level 6.0 Summonings
 + Level 5.6 Necromancy
 + Level 6.0 Translocations
 + Level 5.6 Transmutations
 + Level 5.6 Fire Magic
 + Level 5.6 Ice Magic
 + Level 5.6 Air Magic
 + Level 5.6 Earth Magic
 + Level 5.6 Poison Magic
 + Level 7.4 Invocations
 + Level 6.7 Evocations


You had 20 spell levels left.
You knew the following spells:

 Your Spells              Type           Power        Failure   Level  Hunger
a - Magic Dart            Conj           ####         1%          1    None
c - Conjure Flame         Conj/Fire      ######..     1%          3    None
e - Mephitic Cloud        Conj/Pois/Air  ######..     1%          3    None
g - Blink                 Tloc           N/A          1%          2    None
h - Summon Butterflies    Summ           ######..     1%          1    None

Your spell library contained the following spells:

 Spells                   Type           Power        Failure   Level  Hunger
 Call Imp                 Summ           ######..     1%          2    None
 Ensorcelled Hibernation  Hex/Ice        ######       1%          2    None
 Slow                     Hex            ######..     1%          2    None
 Dazzling Spray           Conj/Hex       ######       1%          3    None
 Aura of Abjuration       Summ           ######....   16%         5    ##.....


Dungeon Overview and Level Annotations

Branches:
Dungeon (12/15)            Temple (1/1) D:5            Lair (0/6) D:11
  IceCv (1/1)
    Orc: D:9-12

Altars:
Ashenzari
Cheibriados
Dithmenos
Elyvilon
Fedhas
Gozag
Hepliaklqana
Kikubaaqudgha
Makhleb
Nemelex Xobeh
Okawaru
Qazlal
Ru
Sif Muna
Trog
Uskayaw
Vehumet
Wu Jian
Xom
Yredelemnul
Zin
The Shining One

Shops:
D:5 =   D:8 ([!(:

Annotations:
D:9 3 runed translucent doors, PlumEater's ghost, journeyman GrEE IceCv exclusion: 2 ice statues


Innate Abilities, Weirdness & Mutations

Your experience applies equally to all skills.
You have very sharp teeth.
Your uncanny sense of smell can sniff out nearby items.


Message History

You bite the ice beast, but do no damage.
The ice beast is lightly wounded.
The ice beast hits you. The ice beast freezes you. You resist.
You are engulfed in freezing vapours.
You resist.
* * * LOW HITPOINT WARNING * * *
The ice beast misses you. The ice beast completely misses you.
The ice beast hits you.
* * * LOW HITPOINT WARNING * * *
The ice beast freezes you. You resist.
* * * LOW HITPOINT WARNING * * *
The ice beast hits you.
* * * LOW HITPOINT WARNING * * *
The ice beast freezes you. You resist.
* * * LOW HITPOINT WARNING * * *
Casting: Conjure Flame (safe; 1% risk of failure)
Confirm with . or Enter, or press ? or * to list all spells.
You blink.
The ice statue gestures at you. The bolt of cold hits you! You resist.
You die...

##.. #... #..## ##...
#... ##..## #....##
##..@..## ###
#8......# ..######
##......# ...##..##
###.......#
........###YY.......#
.∩.......#.§Y........#
.....##....##........#
...#####..####.......#
..## #### 8......##


You could see an ice statue and 3 ice beasts.

Vanquished Creatures
  A hydra (D:11)
  Harold (D:8)
  A two-headed ogre (D:11)
  An unseen horror (D:11)
  Pikel (D:7)
  2 ugly things (D:11)
  A deep elf mage (D:9)
  Maurice (D:8)
  A komodo dragon (D:8)
  2 trolls
  A hornet (D:10)
  2 hippogriffs (D:11)
  10 yaks (D:11)
  A wyvern (D:9)
  A wraith (D:8)
  Grum (D:8)
  A hungry ghost (D:10)
  Menkaure (D:6)
  Edmund (D:5)
  2 orc warriors
  3 sky beasts
  4 phantoms
  9 ogres
  7 ice beasts
  3 centaurs
  4 wolves
  11 bullfrogs
  5 scorpions
  5 wights (D:10)
  2 howler monkeys
  4 crimson imps
  A centaur zombie (D:5)
  A gnoll shaman (D:8)
  4 hounds
  Crazy Yiuf (D:2)
  2 centaur skeletons
  An orc priest (D:8)
  8 orc wizards
  A bullfrog skeleton (D:4)
  Natasha (thrice) (D:2)
  Terence (D:2)
  3 iguanas
  7 worker ants
  A hound skeleton (D:7)
  A worker ant zombie (D:7)
  4 gnolls (D:8)
  7 adders
  4 shadow imps
  6 white imps (IceCv)
  6 ufetubi (IceCv)
  2 oozes
  An adder zombie (D:5)
  An adder skeleton (D:9)
  3 worms
  4 dart slugs
  4 leopard geckos
  36 orcs
  3 ball pythons
  4 giant cockroaches
  4 goblins
  11 hobgoblins
  5 quokkas
  12 bats
  6 frilled lizards
  12 kobolds
  A leopard gecko zombie (D:8)
  A quokka skeleton (D:4)
  A quokka zombie (D:7)
  10 rats
  A fungus (D:2)
274 creatures vanquished.

Vanquished Creatures (others)
  A reaper (IceCv)
  An orc warrior (D:7)
  A bullfrog (D:7)
  An orc wizard (D:10)
  3 white imps (IceCv)
  An ufetubus (IceCv)
  9 fungi (D:11)
  4 plants
21 creatures vanquished.

Grand Total: 295 creatures vanquished

Notes
Turn   | Place    | Note
-------+----------+-------------------------------------------
     0 | D:1      | Kagalorn the Gnoll Wizard began the quest for the Orb.
     0 | D:1      | Reached XP level 1. HP: 13/13 MP: 8/8
   201 | D:1      | Reached XP level 2. HP: 19/19 MP: 3/10
   423 | D:1      | Reached XP level 3. HP: 19/25 MP: 0/11
   427 | D:1      | Learned a level 2 spell: Blink
   431 | D:1      | Learned a level 3 spell: Conjure Flame
   435 | D:1      | Learned a level 3 spell: Mephitic Cloud
   614 | D:1      | Reached skill level 1 in Invocations
   991 | D:2      | Reached skill level 1 in Fighting
   991 | D:2      | Reached skill level 1 in Short Blades
   991 | D:2      | Reached skill level 1 in Long Blades
   991 | D:2      | Reached skill level 1 in Axes
   991 | D:2      | Reached skill level 1 in Maces & Flails
   991 | D:2      | Reached skill level 1 in Polearms
   991 | D:2      | Reached skill level 1 in Staves
   991 | D:2      | Reached skill level 1 in Slings
   991 | D:2      | Reached skill level 1 in Bows
   991 | D:2      | Reached skill level 1 in Crossbows
   991 | D:2      | Reached skill level 1 in Throwing
   991 | D:2      | Reached skill level 1 in Armour
   991 | D:2      | Reached skill level 1 in Shields
   991 | D:2      | Reached skill level 1 in Unarmed Combat
   991 | D:2      | Reached skill level 1 in Evocations
  1148 | D:2      | Reached XP level 4. HP: 32/32 MP: 9/13
  1334 | D:2      | Noticed Natasha
  1340 | D:2      | Killed Natasha
  1340 | D:2      | Reached skill level 1 in Hexes
  1340 | D:2      | Reached skill level 1 in Charms
  1340 | D:2      | Reached skill level 1 in Necromancy
  1340 | D:2      | Reached skill level 1 in Transmutations
  1340 | D:2      | Reached skill level 1 in Fire Magic
  1340 | D:2      | Reached skill level 1 in Ice Magic
  1340 | D:2      | Reached skill level 1 in Air Magic
  1340 | D:2      | Reached skill level 1 in Earth Magic
  1340 | D:2      | Reached skill level 1 in Poison Magic
  1477 | D:2      | Noticed Natasha
  1485 | D:2      | Killed Natasha
  1485 | D:2      | Reached XP level 5. HP: 26/37 MP: 5/14
  1674 | D:2      | Noticed Natasha
  1679 | D:2      | Killed Natasha
  1791 | D:2      | Noticed Terence
  1813 | D:2      | Killed Terence
  2078 | D:2      | Found a runed translucent door.
  2079 | D:2      | Noticed Crazy Yiuf
  2095 | D:2      | Killed Crazy Yiuf
  2177 | D:3      | Reached XP level 6. HP: 40/44 MP: 8/16
  2515 | D:3      | Reached skill level 5 in Dodging
  3056 | D:4      | Reached XP level 7. HP: 50/50 MP: 3/18
  3798 | D:5      | Entered Level 5 of the Dungeon
  3820 | D:5      | Got a faintly glowing bone amulet
  4143 | D:5      | Reached skill level 5 in Stealth
  4367 | D:4      | Reached XP level 8. HP: 57/57 MP: 12/19
  4482 | D:5      | Found a staircase to the Ecumenical Temple.
  4491 | Temple   | Entered the Ecumenical Temple
  4733 | Temple   | Became a worshipper of Cheibriados the Contemplative
  4778 | D:5      | Noticed Edmund
  4858 | D:5      | Killed Edmund
  4932 | D:5      | Found Meun Haz's Jewellery Shop.
  5495 | D:6      | Reached skill level 8 in Spellcasting
  5980 | D:5      | Reached XP level 9. HP: 56/65 MP: 13/21
  6039 | D:6      | Reached * piety under Cheibriados
  6603 | D:6      | Noticed Menkaure
  6632 | D:6      | Killed Menkaure
  7057 | D:7      | Noticed Pikel
  7125 | D:7      | Killed Pikel
  7456 | D:7      | Reached skill level 5 in Invocations
  7534 | D:7      | Found a shadowy altar of Dithmenos.
  7731 | D:8      | Noticed a komodo dragon
  7751 | D:8      | Killed a komodo dragon
  7751 | D:8      | Reached XP level 10. HP: 32/73 MP: 7/22
  8165 | D:8      | Noticed Grum
  8337 | D:7      | Reached ** piety under Cheibriados
  8461 | D:8      | Killed Grum
  8461 | D:8      | Reached skill level 5 in Fighting
  8461 | D:8      | Reached skill level 5 in Short Blades
  8461 | D:8      | Reached skill level 5 in Long Blades
  8461 | D:8      | Reached skill level 5 in Axes
  8461 | D:8      | Reached skill level 5 in Maces & Flails
  8461 | D:8      | Reached skill level 5 in Polearms
  8461 | D:8      | Reached skill level 5 in Staves
  8461 | D:8      | Reached skill level 5 in Slings
  8461 | D:8      | Reached skill level 5 in Bows
  8461 | D:8      | Reached skill level 5 in Crossbows
  8461 | D:8      | Reached skill level 5 in Throwing
  8461 | D:8      | Reached skill level 5 in Armour
  8461 | D:8      | Reached skill level 5 in Shields
  8461 | D:8      | Reached skill level 5 in Unarmed Combat
  8461 | D:8      | Reached skill level 5 in Evocations
  8500 | D:8      | Found Icer's Weapon Emporium.
  8505 | D:8      | Found Tareawk's Antique Armour Boutique.
  8587 | D:8      | Found Ykkeps's Distillery.
  8596 | D:8      | Bought a potion of curing for 42 gold pieces
  8596 | D:8      | Bought a potion of lignification for 42 gold pieces
  8596 | D:8      | Bought a potion of flight for 42 gold pieces
  8841 | D:8      | Noticed Maurice
  8868 | D:8      | Killed Maurice
  8969 | D:8      | Reached skill level 9 in Spellcasting
  9101 | D:8      | Found Nokua's Antique Weapon Shoppe.
  9113 | D:8      | Found Ohokkogg's Book Emporium.
  9633 | D:8      | Identified the amulet of Coac {Faith rC+ MP-9 Int+4} (You
                  | found it on level 5 of the Dungeon)
  9804 | D:8      | Reached skill level 5 in Conjurations
  9804 | D:8      | Reached skill level 5 in Summonings
  9804 | D:8      | Reached skill level 5 in Translocations
  9817 | D:9      | Noticed Harold
  9836 | D:8      | Reached *** piety under Cheibriados
 10135 | D:9      | Found a stormy altar of Qazlal.
 10177 | D:8      | Killed Harold
 10341 | D:9      | Reached XP level 11. HP: 59/81 MP: 6/24
 10369 | D:9      | Identified the Reference Book on Creative Enchantment
 10373 | D:9      | Learned a level 1 spell: Summon Butterflies
 10391 | D:9      | Found a runed translucent gate.
 10392 | D:9      | Found a runed translucent gate.
 10392 | D:9      | Noticed an 11-headed hydra
 10393 | D:9      | Found a runed translucent gate.
 10395 | D:9      | Noticed PlumEater's ghost (journeyman GrEE)
 10561 | D:9      | Noticed a deep elf mage
 10583 | D:9      | Killed a deep elf mage
 10682 | D:10     | Entered Level 10 of the Dungeon
 11128 | D:10     | Reached **** piety under Cheibriados
 11303 | D:10     | Reached skill level 5 in Hexes
 11303 | D:10     | Reached skill level 5 in Charms
 11303 | D:10     | Reached skill level 5 in Necromancy
 11303 | D:10     | Reached skill level 5 in Transmutations
 11303 | D:10     | Reached skill level 5 in Fire Magic
 11303 | D:10     | Reached skill level 5 in Ice Magic
 11303 | D:10     | Reached skill level 5 in Air Magic
 11303 | D:10     | Reached skill level 5 in Earth Magic
 11303 | D:10     | Reached skill level 5 in Poison Magic
 11406 | D:11     | Noticed a two-headed ogre
 11423 | D:11     | Killed a two-headed ogre
 11484 | D:11     | Noticed a five-headed hydra
 11490 | D:11     | Killed a five-headed hydra
 11678 | D:11     | Killed an unseen horror
 12473 | D:11     | Found a staircase to the Lair.
 12476 | D:11     | Noticed a brown ugly thing
 12484 | D:11     | Noticed a green ugly thing
 12501 | D:11     | Killed a white ugly thing
 12506 | D:11     | Killed a white ugly thing
 12825 | D:11     | Reached XP level 12. HP: 89/89 MP: 25/25
 13059 | D:12     | Found a frozen archway.
 13085 | IceCv    | Entered an ice cave
 13306 | IceCv    | Killed a reaper
 13484 | IceCv    | HP: 2/89 [ice beast[an ice statue] (5)]
 13485 | IceCv    | Killed from afar by an ice statue

Levels and vault maps discovered:
D:1:      noname_arrival_rooms_in_the_neighbourhood, layout_basic,
          serial_curves, eino_curves_02, eino_curves_04, minmay_vboxes
D:2:      layout_basic, uniq_terence, uniq_crazy_yiuf_cottage, uniq_natasha
D:3:      layout_loops_ring, first_ration
D:4:      layout_basic
D:5:      layout_basic, minmay_temple_entry_statues_pillars, serial_shops, shop,
          minmay_increasing_density, uniq_edmund
D:6:      layout_cave_pools, serial_column_ruins, column_ruins_hut,
          column_ruins_square_large, column_ruins_columns_dead_end,
          column_ruins_columns_dead_end, column_ruins_open_tiny_water,
          column_ruins_grid_1, uniq_menkaure
D:7:      layout_cave_pools, grunt_ogre_cave, grunt_dithmenos_shadows,
          uniq_pikel
D:8:      layout_layer_cave, serial_shops, shop, shop, shop_statue,
          nicolae_shop_trees, nicolae_shop_crystal, uniq_grum, uniq_maurice
D:9:      layout_big_octagon, nicolae_overflow_hidden_temple,
          gammafunk_ghost_hydra_chop, guppyfry_early_elven_hall, uniq_harold
D:10:     layout_gridville
D:11:     layout_roguey, grunt_lair_entry_orc_guard_hut,
          hangedman_abyss_or_decor_slice
D:12:     minmay_tri_stars, layout_rooms, david_orc_1_choice,
          portal_ice_cave_entry_ice_beasts
Temple:   nicolae_temple_the_god_donut
IceCv:    ice_cave_small_demon

Skill      XL: |  1  2  3  4  5  6  7  8  9 10 11 |
---------------+----------------------------------+-----
Conjurations   | 2 3 4 5 6 |  6.0
Summonings     | 2 3 4 5 6 |  6.0
Translocations | 2 3 4 5 6 |  6.0
Invocations    | 1 2 3 4 5 6 7 |  7.4
Fighting       | 1 2 3 4 5 6 |  6.7
Short Blades   | 1 2 3 4 5 6 |  6.7
Long Blades    | 1 2 3 4 5 6 |  6.7
Axes           | 1 2 3 4 5 6 |  6.7
Maces & Flails | 1 2 3 4 5 6 |  6.7
Polearms       | 1 2 3 4 5 6 |  6.7
Staves         | 1 2 3 4 5 6 |  6.7
Slings         | 1 2 3 4 5 6 |  6.7
Bows           | 1 2 3 4 5 6 |  6.7
Crossbows      | 1 2 3 4 5 6 |  6.7
Throwing       | 1 2 3 4 5 6 |  6.7
Armour         | 1 2 3 4 5 6 |  6.7
Shields        | 1 2 3 4 5 6 |  6.7
Unarmed Combat | 1 2 3 4 5 6 |  6.7
Evocations     | 1 2 3 4 5 6 |  6.7
Hexes          | 1 2 3 4 5 |  5.6
Charms         | 1 2 3 4 5 |  5.6
Necromancy     | 1 2 3 4 5 |  5.6
Transmutations | 1 2 3 4 5 |  5.6
Fire Magic     | 1 2 3 4 5 |  5.6
Ice Magic      | 1 2 3 4 5 |  5.6
Air Magic      | 1 2 3 4 5 |  5.6
Earth Magic    | 1 2 3 4 5 |  5.6
Poison Magic   | 1 2 3 4 5 |  5.6
Dodging        | 5 6 7 8 |  8.2
Stealth        | 5 6 7 8 |  8.0
Spellcasting   | 8 9 |  9.8

Action                   |  1- 3 |  4- 6 |  7- 9 | 10-12 || total
-------------------------+-------+-------+-------+-------++-------
Melee: Short sword       |    27 |    52 |   194 |    76 ||   349
       Bite              |     3 |     2 |    26 |    87 ||   118
       Punch             |       |       |     3 |    16 ||    19
       Whip              |       |       |       |   202 ||   202
       Long sword        |       |       |       |    59 ||    59
       Unarmed           |       |       |       |    49 ||    49
Throw: Dart              |       |       |    23 |       ||    23
 Cast: Magic Dart        |    88 |   120 |   236 |   308 ||   752
       Mephitic Cloud    |       |     3 |    21 |    24 ||    48
       Conjure Flame     |       |     3 |    14 |    10 ||    27
       Blink             |       |       |    20 |    31 ||    51
Invok: Slouch            |       |       |       |     1 ||     1
  Use: Scroll            |       |       |       |    18 ||    18
 Stab: Sleeping          |       |     4 |     4 |     6 ||    14
       Confused          |       |     1 |    12 |    27 ||    40
  Eat: Chunk             |       |     6 |     6 |     8 ||    20
       Ration            |       |       |     2 |       ||     2
Armor: Robe              |    10 |     1 |    13 |       ||    24
       Scale mail        |       |       |    96 |   187 ||   283
Dodge: Dodged            |    31 |    31 |   192 |   396 ||   650
       Rpst.: Long sword |       |       |       |    25 ||    25

Table legend:
 A = Non-vault XP
 B = Vault XP
 C = Vault XP percentage of total XP
 D = Non-vault monster count
 E = Vault monster count
 F = Vault count percentage of total count
                 A         B        C        D         E       F
            +---------+---------+-------+---------+---------+-------
      Total |   13863 |    5007 |  26.5 |     229 |      47 |  17.0
            +---------+---------+-------+---------+---------+-------
        D:1 |      64 |       8 |  11.1 |      33 |       5 |  13.2
        D:2 |     128 |     114 |  47.1 |      28 |       3 |   9.7
        D:3 |     146 |       0 |   0.0 |      14 |       0 |   0.0
        D:4 |     615 |       0 |   0.0 |      23 |       0 |   0.0
        D:5 |     627 |     298 |  32.2 |      14 |       7 |  33.3
        D:6 |     666 |     232 |  25.8 |      11 |       2 |  15.4
        D:7 |     865 |     979 |  53.1 |      18 |       5 |  21.7
        D:8 |    2038 |    1878 |  48.0 |      29 |       5 |  14.7
        D:9 |     632 |     574 |  47.6 |      14 |       1 |   6.7
       D:10 |    1808 |       0 |   0.0 |      23 |       0 |   0.0
       D:11 |    6274 |     549 |   8.0 |      22 |       5 |  18.5
       D:12 |       0 |     266 | 100.0 |       0 |       2 | 100.0
      IceCv |       0 |     109 | 100.0 |       0 |      12 | 100.0
            +---------+---------+-------+---------+---------+-------
